 Dungeon Crawl Stone Soup version 0.24.0-125-gc4c63601f3 (webtiles) character file.

Game seed: 9101227757133936710, levelgen mode: deterministic

205 Frank2 the Cudgeler (level 5, -4/39 HPs)
             Began as a Demonspawn Gladiator on Mar 20, 2020.
             Killed from afar by Sigmund (5 damage)
             ... with a magic dart
             ... on level 3 of the Dungeon.
             The game lasted 00:04:16 (2329 turns).

Frank2 the Cudgeler (Demonspawn Gladiator)          Turns: 2329, Time: 00:04:16

Health: -4/39      AC:  9    Str: 14    XL:     5   Next: 53%
Magic:  5/5        EV: 16    Int: 10    God:
Gold:   57         SH:  4    Dex: 20    Spells: 4/4 levels left

rFire    . . .     SeeInvis .   a - +0 flail
rCold    . . .     Gourm    .   (no shield)
rNeg     . . .     Faith    .   m - +0 scale mail (curse)
rPois    .         Spirit   .   c - +2 helmet
rElec    .         Reflect  .   (no cloak)
rCorr    .         Harm     .   (no gloves)
MR       .....                  (no boots)
Stlth    ++........             (no amulet)
HPRegen  0.13/turn              (no ring)
MPRegen  0.09/turn              (no ring)

@: agile, lethally poisoned (-4 -> -12), hasted, very quick
A: large bone plates 1, demonic guardian 1, nightstalker 1
a: no special abilities


You were on level 3 of the Dungeon.
You were not hungry.

You visited 1 branch of the dungeon, and saw 3 of its levels.

You collected 57 gold pieces.

Inventory:

Hand Weapons
 a - a +0 flail (weapon)
Armour
 c - a +2 helmet (worn)
 m - a cursed +0 scale mail (worn)
Jewellery
 d - an uncursed ring of ice
 o - an uncursed ring of fire
Wands
 b - a wand of random effects (13)
Scrolls
 e - 3 scrolls of teleportation
 g - a scroll of fog
 j - a scroll of enchant armour
 n - 3 scrolls of amnesia {unknown}
Potions
 l - 3 potions of invisibility
Comestibles
 f - 10 rations
 i - 10 chunks of flesh


   Skills:
 + Level 2.6 Fighting
 + Level 4.4 Maces & Flails
 - Level 1.7 Throwing
 + Level 1.9 Armour
 + Level 3.5 Dodging


You had 4 spell levels left.
You didn't know any spells.
Your spell library was empty.

Dungeon Overview and Level Annotations

Branches:
Dungeon (3/15)

Altars:

Annotations:
D:3 Sigmund


Innate Abilities, Weirdness & Mutations

You are partially covered in large bone plates. (SH +4)
A weak demonic guardian rushes to your aid.
You are slightly more attuned to the shadows.


Message History

Things that are here:
a +0 whip x2; a kobold corpse You hit something.
You feel sick. Something hits you but does no damage.
It was a potion of agility.
You feel agile all of a sudden.
You feel sick. Something hits you but does no damage.
It was a potion of haste.
You feel yourself speed up.
* * * LOW HITPOINT WARNING * * *
You feel sick.
* * * LOW HITPOINT WARNING * * *
You feel sick. Something hits you!
* * * LOW HITPOINT WARNING * * *
You see here a poisoned dart.
* * * LOW HITPOINT WARNING * * *
You feel sick.
* * * LOW HITPOINT WARNING * * *
You feel sick.
A magic dart appears from out of thin air!
The magic dart hits you.
You die...

#######.# .$...>. ........#
......# #.......# ## .......
+.......# #. .....# #.......#
## .....# #.......# .....#
#.......# (@...#
#.....†.####+#
################@...........#
#
....5......)(...........#####
# #######################.# #
#.# # #)# # #.# # ##'### #
#....####### #....†......


There were no monsters in sight!

Vanquished Creatures
  An orc priest (D:3)
  6 adders
  4 worms
  7 leopard geckos
  2 orcs (D:3)
  7 bats
  6 giant cockroaches
  8 goblins
  11 hobgoblins
  9 jackals
  8 kobolds
  A quokka (D:3)
  7 frilled lizards
  5 rats
82 creatures vanquished.

Vanquished Creatures (collateral kills)
  Ijyb (D:2)
  A goblin (D:3)
  A rat (D:3)
3 creatures vanquished.

Grand Total: 85 creatures vanquished

Notes
Turn   | Place    | Note
-------+----------+-------------------------------------------
     0 | D:1      | Frank2 the Demonspawn Gladiator began the quest for the
                  | Orb.
     0 | D:1      | Reached XP level 1. HP: 16/16 MP: 1/1
   245 | D:1      | Reached skill level 3 in Maces & Flails
   246 | D:1      | Gained mutation: A weak demonic guardian rushes to your
                  | aid. [demonic ancestry]
   246 | D:1      | Reached XP level 2. HP: 22/22 MP: 2/2
   556 | D:1      | Gained mutation: You are slightly more attuned to the
                  | shadows. [demonic ancestry]
   556 | D:1      | Reached XP level 3. HP: 9/27 MP: 3/3
  1050 | D:2      | Reached skill level 1 in Armour
  1370 | D:2      | Reached XP level 4. HP: 19/33 MP: 4/4
  1930 | D:3      | Noticed Ijyb
  1966 | D:2      | Killed Ijyb
  2018 | D:3      | Reached skill level 4 in Maces & Flails
  2052 | D:3      | Gained mutation: You are partially covered in large bone
                  | plates. (SH +4) [demonic ancestry]
  2052 | D:3      | Reached XP level 5. HP: 34/39 MP: 5/5
  2297 | D:3      | Noticed Sigmund
  2328 | D:3      | HP: 1/39 [poisoned by Sigmund]
  2329 | D:3      | Killed from afar by Sigmund

Levels and vault maps discovered:
D:1:      eino_arrival_tree_alley, layout_loops_ring, minmay_misc_feat_tiny,
          chequers_serial_rivers_micro_b
D:2:      layout_loops_cross
D:3:      layout_basic, kennysheep_generic_room_9, uniq_sigmund,
          uniq_crazy_yiuf_cottage, uniq_ijyb

Skill      XL: |  1  2  3  4 |
---------------+-------------+-----
Maces & Flails | 3 4 |  4.4
Dodging        | 3 |  3.5
Armour         | 1 |  1.9
Fighting       | |  2.6
Throwing       | |  1.7

Action                   |  1- 3 |  4- 6 || total
-------------------------+-------+-------++-------
Melee: Flail             |   157 |   148 ||   305
Throw: Throwing net      |     3 |     1 ||     4
  Use: Scroll            |     7 |     6 ||    13
       Potion            |       |     3 ||     3
 Stab: Sleeping          |     1 |       ||     1
  Eat: Chunk             |     1 |     4 ||     5
Armor: Leather armour    |    58 |       ||    58
       Scale mail        |    20 |    70 ||    90
Dodge: Dodged            |   130 |    67 ||   197
Block: Other             |       |    16 ||    16
